 Dungeon Crawl Stone Soup version 0.28.0-47-ge53b351184 (webtiles) character file.

Game seed: 260594736811343778

15432 issech the Carver (level 12, -4/103 HPs)
             Began as a Troll Monk on Apr 26, 2022.
             Was a High Priest of Hepliaklqana.
             Slain by a titanic slime creature (83 damage)
             ... on level 11 of the Dungeon.
             The game lasted 00:51:43 (11493 turns).

issech the Carver (Troll Monk)                     Turns: 11493, Time: 00:51:44

Health: -4/103     AC: 23    Str: 28    XL:     12   Next: 1%
Magic:  11/11      EV:  4    Int: 15    God:    Hepliaklqana [*****.]
Gold:   574        SH: 16    Dex: 22    Spells: 11/11 levels left

rFire   + + +      SeeInvis .   F - +6 long sword "Azeahe" {drain, rF+}
rCold   + . .      Faith    .   r - +1 kite shield "Huavoujof" {*Corrode +Blink rF+ Int+2}
rNeg    . . .      Spirit   .   a - +5 gold dragon scales of Mocyri {*Slow rPois rF+ rC+ Int+7}
rPois   +          Reflect  +   (helmet restricted)
rElec   .          Harm     .   E - +0 cloak
rCorr   .          Rampage  .   (gloves unavailable)
Will    .....                   (boots unavailable)
Stlth   ..........              b - amulet of reflection
HPRegen 1.07/turn               m - +6 ring of dexterity
MPRegen 0.12/turn               o - +6 ring of strength

@: no status effects
A: reduced essence, large, unfitting armour, claws 3, regeneration 1, shaggy fur
1, tough skin 1
a: Renounce Religion, Evoke Blink, Recall Ancestor, Ancestor Identity,
Transference, Idealise


You were on level 11 of the Dungeon.
You worshipped Hepliaklqana.
Hepliaklqana was extremely pleased with you.
You visited 2 branches of the dungeon, and saw 13 of its levels.

You collected 786 gold pieces.
You spent 212 gold pieces at shops.

Inventory:

Hand Weapons
 p - a +3 hunting sling
 F - the +6 long sword "Azeahe" (weapon) {drain, rF+}
   (You bought it in a shop on level 4 of the Dungeon)

   A truly terrible weapon, it drains the life of any living foe it strikes.
   rF:        It protects you from fire.
 H - the +1 hunting sling "Hemiam" {venom, rN++ Will- rCorr Stlth+}
   (You found it on level 10 of the Dungeon)

   Any ammunition fired from it poisons the flesh of those it strikes.
   rN:        It greatly protects you from negative energy.
   rCorr:     It protects you from acid and corrosion.
   Will:      It decreases your willpower.
   Stlth:     It makes you more stealthy.
 L - a +2 great mace of venom
 N - a +1 morningstar of protection
 O - a +1 halberd of flaming
 T - a +0 hunting sling of freezing
Missiles
 f - 429 stones
 h - 3 silver javelins
 i - 67 sling bullets
 k - 10 javelins
 u - 3 large rocks (quivered)
 G - 45 bolts
 I - 12 boomerangs
 J - 16 poisoned darts
 M - a curare-tipped dart
 S - 2 throwing nets
 U - 10 atropa-tipped darts
 V - 89 arrows
 X - 5 datura-tipped darts
Armour
 a - the +5 gold dragon scales of Mocyri (worn) {*Slow rPois rF+ rC+ Int+7}
   (You acquired it on level 8 of the Dungeon)

   Int:       It affects your intelligence (+7).
   rF:        It protects you from fire.
   rC:        It protects you from cold.
   rPois:     It protects you from poison.
   *Slow:     It may slow you when you take damage.
 r - the +1 kite shield "Huavoujof" (worn) {*Corrode +Blink rF+ Int+2}
   (You found it on level 6 of the Dungeon)

   Int:       It affects your intelligence (+2).
   rF:        It protects you from fire.
   +Blink:    It lets you blink.
   *Corrode:  It may corrode you when you take damage.
 E - a +0 cloak (worn)
 K - +1 acid dragon scales
 P - a +0 troll leather armour
Jewellery
 b - an amulet of reflection (around neck)
 l - a ring of ice
 m - a +6 ring of dexterity (left claw)
 o - a +6 ring of strength (right claw)
 v - an amulet of faith
 A - a ring of positive energy
 W - a ring of fire
Wands
 s - a wand of polymorph (18)
 y - a wand of charming (10)
Scrolls
 d - a scroll of brand weapon
 g - 3 scrolls of teleportation
 n - 2 scrolls of amnesia
 z - 2 scrolls of enchant armour
 B - a scroll of holy word
 R - a scroll of enchant weapon
 Z - a scroll of magic mapping
Potions
 c - a potion of attraction
 e - 2 potions of brilliance {unknown}
 j - 2 potions of mutation {unknown}
 q - 2 potions of might {unknown}
 t - 4 potions of lignification
 w - 2 potions of resistance
 x - 5 potions of curing
 C - 2 potions of flight
 D - a potion of heal wounds
 Q - a potion of haste
 Y - a potion of berserk rage


   Skills:
 + Level 6.8 Fighting
 + Level 9.6 Long Blades
 + Level 5.7 Maces & Flails
 + Level 2.4(3.0) Slings
 + Level 3.2(3.9) Throwing
 + Level 5.5 Armour
 + Level 5.2 Dodging
 + Level 3.3 Stealth
 + Level 4.9 Shields


You had 11 spell levels left.
You didn't know any spells.
Your spell library contained the following spells:

 Spells                   Type           Power      Damage    Failure   Level
 Apportation              Tloc           0%         N/A       100%        1
 Summon Small Mammal      Summ           0%         N/A       100%        1
 Ensorcelled Hibernation  Hex/Ice        0%         N/A       100%        2
 Call Canine Familiar     Summ           0%         N/A       100%        3
 Portal Projectile        Hex/Tloc       0%         N/A       100%        3
 Spider Form              Tmut/Pois      0%         N/A       100%        3
 Summon Guardian Golem    Hex/Summ       0%         N/A       100%        3
 Anguish                  Hex/Necr       0%         N/A       100%        4
 Leda's Liquefaction      Hex/Erth       0%         N/A       100%        4
 Alistair's Intoxication  Tmut/Pois      0%         N/A       100%        5


Dungeon Overview and Level Annotations

Branches:
Dungeon (12/15)            Temple (1/1) D:5            Lair (0/6) D:11
    Orc (0/2) D:10

Altars:
Ashenzari
Cheibriados
Dithmenos
Elyvilon
Fedhas
Gozag
Hepliaklqana
Kikubaaqudgha
Makhleb
Nemelex Xobeh
Okawaru
Qazlal
Ru
Sif Muna
Trog
Uskayaw
Vehumet
Wu Jian
Xom
Yredelemnul
Zin
The Shining One

Shops:
D:4 *


Innate Abilities, Weirdness & Mutations

Your life essence is reduced to manifest your ancestor. (-10% HP)
You are too large for most types of armour.
You have claws for hands.
Your natural rate of healing is unusually fast.
You are covered in fur. (AC +1)
You have tough skin. (AC +1)


Message History

Baqqanum avoids your attack.
Baqqanum hits the titanic slime creature with a +0 quarterstaff! x2
You throw a large rock.
The large rock hits the titanic slime creature!
The titanic slime creature is moderately wounded.
Baqqanum gestures at the titanic slime creature while chanting.
The puff of frost hits the titanic slime creature.
Baqqanum casts a spell at the titanic slime creature.
The puff of frost hits the titanic slime creature!
You throw a large rock.
The large rock hits the titanic slime creature!!
The titanic slime creature is heavily wounded.
Baqqanum points at the titanic slime creature and mumbles some strange words.
The puff of frost hits the titanic slime creature!
Baqqanum gestures at the titanic slime creature while chanting.
The stone arrow hits the titanic slime creature!
You throw a large rock.
The large rock hits the titanic slime creature!
The titanic slime creature is heavily wounded.
Baqqanum hits the titanic slime creature with a +0 quarterstaff!!
Baqqanum gestures at the titanic slime creature while chanting.
The stone arrow hits the titanic slime creature!!
You see here a +0 chain mail.
You throw a large rock.
The large rock hits the titanic slime creature!!
The titanic slime creature is severely wounded.
Baqqanum hits the titanic slime creature with a +0 quarterstaff!!
The titanic slime creature hits Baqqanum!!
Baqqanum hits the titanic slime creature with a +0 quarterstaff!
The titanic slime creature hits Baqqanum!!!
Baqqanum is destroyed!
The titanic slime creature quivers.
You throw a large rock.
The large rock hits the titanic slime creature!!
The titanic slime creature is almost dead.
You slash the titanic slime creature! You drain the titanic slime creature.
The titanic slime creature is almost dead.
The titanic slime creature hits you!!!!
Ouch! That really hurt!
You die...

### ##########.## #).......[[.#
#.########[## #.# #)# ##### ##
#.#### #)# ########...####
.###....# #.#####^.............
#.#####.#####...).......##...####
##..(...>..((..J@......##########
#..####.#####.##.................
.#.# #.# #.##.......##########
##.# #.# #.####...#.# #
##.####[## #.........<# #
.......).# #.#.....#..# #
##.####..# #.#.#####..# #
#.####..####.#.# ##..##########
#............#.# #............#


You could see a titanic slime creature (drained).

Vanquished Creatures
  Rupert (D:12)
  Harold (D:7)
  3 two-headed ogres
  A deep elf pyromancer (D:12)
  2 cyclopes (D:11)
  A manticore (D:11)
  Joseph (D:7)
  A kobold demonologist (D:4)
  A hornet (D:10)
  A troll (D:11)
  5 slime creatures
  A wraith (D:9)
  2 yaks (D:10)
  4 vampire mosquitoes (D:11)
  A water moccasin (D:9)
  3 acid dragons
  Duvessa (D:4)
  2 orc warriors
  A black bear (D:8)
  2 sky beasts (D:8)
  2 ogres
  7 necrophages
  A centaur (D:9)
  3 kobold brigands
  3 bullfrogs
  A wyvern zombie (D:8)
  A scorpion (D:6)
  A wyvern skeleton (D:7)
  Dowan (D:4)
  2 killer bees
  A howler monkey (D:9)
  2 centaur zombies
  2 jellies
  5 orc priests
  2 centaur skeletons
  A bullfrog skeleton (D:5)
  5 orc wizards
  A hound skeleton (D:4)
  3 howler monkey zombies
  9 adders
  6 gnolls (D:5)
  2 worms
  2 dart slugs (D:2)
  21 orcs
  9 endoplasms
  3 giant cockroaches
  9 hobgoblins
  7 jackals (D:3)
  6 quokkas
  15 ball pythons
  5 bats
  3 frilled lizards
  10 goblins
  16 kobolds
  3 rats
  2 bushes (D:8)
207 creatures vanquished.

Vanquished Creatures (collateral kills)
  An unseen horror (shapeshifter) (D:8)
  2 trolls
  2 hornets
  2 slime creatures (D:12)
  A vampire (D:10)
  3 yaks (D:10)
  2 vampire mosquitoes (D:11)
  A water moccasin (D:8)
  3 orc warriors
  An ogre (D:6)
  2 necrophages (D:8)
  A bullfrog (D:8)
  A scorpion (D:7)
  5 killer bees
  2 howler monkeys (D:9)
  4 centaur zombies
  A jelly (D:6)
  An orc priest (D:9)
  2 centaur skeletons
  A gnoll shaman (D:5)
  3 iguanas
  2 orc wizards (D:8)
  A gnoll (D:5)
  4 orcs
  A kobold (D:5)
  5 bushes (D:8)
54 creatures vanquished.

Vanquished Creatures (others)
  A wizard (D:9)
  8 battlemagi
  13 plants (D:8)
22 creatures vanquished.

Grand Total: 283 creatures vanquished

Notes
Turn   | Place    | Note
-------+----------+-------------------------------------------
     0 | D:1      | issech the Troll Monk began the quest for the Orb.
     0 | D:1      | Reached XP level 1. HP: 22/22 MP: 0/0
   217 | D:1      | Reached XP level 2. HP: 26/29 MP: 1/1
  1020 | D:2      | Reached XP level 3. HP: 36/36 MP: 2/2
  1264 | D:2      | Reached XP level 4. HP: 37/44 MP: 3/3
  1572 | D:3      | Reached XP level 5. HP: 21/53 MP: 4/4
  1804 | D:3      | Found a faded altar of an unknown god.
  2493 | D:4      | Noticed Duvessa
  2493 | D:4      | Noticed Dowan
  2598 | D:4      | Killed Duvessa
  2599 | D:4      | Reached skill level 1 in Throwing
  2599 | D:4      | Reached XP level 6. HP: 59/61 MP: 5/5
  2607 | D:4      | Killed Dowan
  2850 | D:4      | Found Biet's Assorted Antiques.
  3290 | D:4      | Reached skill level 1 in Slings
  3338 | D:4      | Reached skill level 5 in Maces & Flails
  3338 | D:4      | Reached XP level 7. HP: 55/67 MP: 6/6
  3526 | D:4      | Bought a pitted long sword for 212 gold pieces
  3526 | D:4      | Identified the +6 long sword "Azeahe" {drain, rF+} (You
                  | bought it in a shop on level 4 of the Dungeon)
  3626 | D:5      | Entered Level 5 of the Dungeon
  3704 | D:5      | Found a staircase to the Ecumenical Temple.
  3718 | D:5      | Reached skill level 1 in Long Blades
  3737 | D:5      | Reached XP level 8. HP: 20/78 MP: 7/7
  3841 | Temple   | Entered the Ecumenical Temple
  3850 | Temple   | Became a worshipper of Hepliaklqana the Forgotten
  3850 | Temple   | Reached * piety under Hepliaklqana
  3850 | Temple   | Reached ** piety under Hepliaklqana
  3851 | Temple   | Remembered your ancestor Baqqanum as a battlemage
  4093 | D:5      | Noticed a kobold demonologist
  4095 | D:5      | Noticed an ice devil
  4116 | D:5      | Noticed a smoke demon
  4147 | D:4      | Killed a kobold demonologist
  4148 | D:4      | Reached skill level 2 in Long Blades
  4198 | D:5      | Reached skill level 3 in Long Blades
  4333 | D:5      | Noticed a troll
  4341 | D:5      | Killed a troll
  4342 | D:5      | Reached skill level 1 in Armour
  4369 | D:5      | Found a sparkling altar of Nemelex Xobeh.
  4743 | D:6      | Noticed a two-headed ogre
  4750 | D:6      | Killed a two-headed ogre
  4751 | D:6      | Reached skill level 5 in Fighting
  4751 | D:6      | Reached skill level 4 in Long Blades
  4751 | D:6      | Reached XP level 9. HP: 67/79 MP: 8/8
  4812 | D:6      | Identified the +1 kite shield "Huavoujof" {*Corrode +Blink
                  | rF+ Int+2}
  4976 | D:6      | Found an iron altar of Okawaru.
  5032 | D:6      | Reached skill level 5 in Long Blades
  5468 | D:7      | Noticed Harold
  5478 | D:7      | Killed Harold
  5479 | D:7      | Reached skill level 6 in Long Blades
  5479 | D:7      | Reached skill level 1 in Shields
  5560 | D:7      | Noticed Joseph
  5573 | D:7      | Killed Joseph
  5574 | D:7      | Reached skill level 5 in Dodging
  5574 | D:7      | Reached XP level 10. HP: 62/86 MP: 9/9
  5942 | D:7      | Reached *** piety under Hepliaklqana
  6815 | D:8      | Identified a scroll of acquirement
  6857 | D:8      | Found a broken altar of Ashenzari.
  6893 | D:8      | Acquired the +5 gold dragon scales of Mocyri {*Slow rPois
                  | rF+ rC+ Int+7}
  7212 | D:8      | Found a blossoming altar of Fedhas.
  7449 | D:8      | Reached **** piety under Hepliaklqana
  7828 | D:9      | Reached skill level 7 in Long Blades
  7959 | D:9      | Found a white marble altar of Elyvilon.
  8091 | D:9      | Found a sacrificial altar of Ru.
  8258 | D:9      | Found a bloodstained altar of Trog.
  8260 | D:9      | Noticed a wizard
  8264 | D:9      | Killed a wizard
  8559 | D:10     | Entered Level 10 of the Dungeon
  8731 | D:10     | Noticed a two-headed ogre
  8735 | D:10     | Killed a two-headed ogre
  8736 | D:10     | Reached XP level 11. HP: 91/94 MP: 10/10
  8804 | D:10     | Reached skill level 8 in Long Blades
  9289 | D:10     | Identified the +1 hunting sling "Hemiam" {venom, rN++ Will-
                  | rCorr Stlth+}
  9324 | D:10     | Found a staircase to the Orcish Mines.
 10029 | D:11     | Reached ***** piety under Hepliaklqana
 10092 | D:11     | Found a staircase to the Lair.
 10273 | D:11     | Reached skill level 9 in Long Blades
 10402 | D:11     | Noticed a two-headed ogre
 10408 | D:11     | Killed a two-headed ogre
 11093 | D:12     | Noticed a deep elf pyromancer
 11103 | D:12     | Killed a deep elf pyromancer
 11203 | D:12     | Reached skill level 5 in Armour
 11289 | D:12     | Noticed Rupert
 11306 | D:12     | Killed Rupert
 11479 | D:11     | Reached XP level 12. HP: 57/103 MP: 11/11
 11493 | D:11     | Slain by a titanic slime creature

Illustrated notes

Levels and vault maps discovered:
D:1:      dpeg_arrival_simpleton_c, layout_basic, serial_rivers,
          chequers_serial_rivers_micro_a, chequers_serial_rivers_room_b,
          chequers_serial_rivers_small_3, chequers_serial_rivers_micro_e,
          roderic_roman_lattice, minmay_bisected
D:2:      layout_rooms, minmay_octomino_j4
D:3:      layout_loops_corners, hellmonk_ecumenical_altar_slurped_away,
          minmay_randomly_rotated_circles
D:4:      layout_basic, serial_shops, nicolae_inconvenience_store, uniq_duvessa
D:5:      layout_loops_ring, amcnicky_altar_gilded, minmay_temple_entry_waves,
          kennysheep_crisscross
D:6:      layout_rooms, okawaru_gym_becter
D:7:      layout_gridville, minivault_22, uniq_harold, uniq_joseph
D:8:      layout_basic, mainiacjoe_overflow_six_doors_small,
          fedhas_altar_decomposition, st_stairs_10
D:9:      layout_loops_ring, trog_wizard, nicolae_ru_path_of_blood,
          mainiacjoe_overflow_alcove_2
D:10:     layout_basic, orc_0_dummy, serial_co_window_serial, co_window_paths_b,
          co_window_of_opportunity_a, co_window_corner_a,
          co_window_of_opportunity_a, co_window_corner_a,
          co_window_of_opportunity_a, co_window_corner_a, co_window_paths_c,
          co_window_corner_cb, co_window_corner_b, co_window_paths_c,
          co_window_paths_e, glass_columns_b, glass_columns_a, glass_columns_b,
          glass_columns_b
D:11:     layout_loops_ring, lair_entry_dummy
D:12:     layout_loops_cross, serial_park_tiny_2, st_stairs_1,
          nicolae_ashenzari_skybound, uniq_rupert
Temple:   regret_index_temple_waves

Skill      XL: |  1  2  3  4  5  6  7  8  9 10 11 |
---------------+----------------------------------+-----
Maces & Flails | 3 4 5 |  5.7
Dodging        | 3 4 5 |  5.2
Fighting       | 3 4 5 6 |  6.8
Throwing       | 1 2 3 |  3.2
Slings         | 1 2 |  2.4
Long Blades    | 1 4 6 7 9 |  9.6
Armour         | 1 2 4 5 |  5.5
Stealth        | 2 3 |  3.3
Shields        | 1 3 4 |  4.9

Action                   |  1- 3 |  4- 6 |  7- 9 | 10-12 || total
-------------------------+-------+-------+-------+-------++-------
Melee: Mace              |   126 |    56 |       |       ||   182
       Punch             |     3 |     3 |       |       ||     6
       Flail             |       |    86 |       |       ||    86
       Long sword        |       |       |   128 |   315 ||   443
       Morningstar       |       |       |       |    22 ||    22
 Fire: Hunting sling     |       |    42 |     6 |       ||    48
Throw: Stone             |    13 |     6 |    12 |       ||    31
       Boomerang         |       |    16 |       |    14 ||    30
       Large rock        |       |       |       |    10 ||    10
Invok: Ancestor Life: Ba |       |       |     1 |       ||     1
  Use: Scroll            |       |       |       |    23 ||    23
 Stab: Sleeping          |     1 |     3 |     4 |     1 ||     9
       Distracted        |       |       |     1 |     5 ||     6
Armor: Robe              |    76 |    46 |    16 |       ||   138
       Acid dragon scale |       |       |    37 |     7 ||    44
       Gold dragon scale |       |       |       |   129 ||   129
Dodge: Dodged            |   101 |    92 |   105 |    35 ||   333
Block: Kite shield       |       |       |    25 |   239 ||   264
       Reflection        |       |       |     2 |     6 ||     8
